 Dungeon Crawl Stone Soup version 0.31-a0-774-g0d66cbabe8 (webtiles) character file.

Game seed: 8261570304892029108

254788 Gargoyl the Severer (level 20, -2/130 HPs)
             Began as a Gargoyle Berserker on Sept 17, 2023.
             Was a High Priest of Trog.
             Killed by the air
             ... invoked by a titan
              (25 damage)
             ... on level 5 of the Vaults.
             The game lasted 00:49:29 (29469 turns).

Gargoyl the Severer (Gargoyle Berserker)           Turns: 29469, Time: 00:49:31

Health: -2/130     AC: 35    Str: 29 (30) XL:     20   Next: 19%
Magic:  20/20      EV: 18    Int: 10 (11) God:    Trog [*****.]
Gold:   2723       SH: 18    Dex: 14 (15) Spells: 19/19 levels left

rFire   + . .        E - +10 war axe "Jellyslayer" {flame, Str+3}
rCold   . . .        p - +0 kite shield
rNeg    + + .        m - +2 troll leather armour {Snorg}
rPois   ∞            M - +1 helmet {Int+3}
rElec   +            t - scarf "Yxede" {repulsion, rN+ Will++}
rCorr   .            r - +2 pair of gloves {Str+3}
SInv    .            h - +1 pair of boots
Will    +++++        e - amulet of reflection
Stlth   +++          f - +4 ring of protection
HPRegen 2.21/turn    y - +4 ring of slaying
MPRegen 0.17/turn

%: repel missiles, reflection
@: about to teleport, strong-willed, flying, regenerating
A: sickness immunity, AC +15, big wings, negative energy resistance 1,
electricity resistance, torment resistance 1, petrification resistance,
deterioration 1, fire resistance 1, MP-powered wands
}: 1/15 runes: decaying
a: Renounce Religion, Berserk, Trog's Hand, Brothers in Arms


You were on level 5 of the Vaults.
You worshipped Trog.
Trog was extremely pleased with you.
You visited 4 branches of the dungeon, and saw 29 of its levels.

You collected 3089 gold pieces.
You spent 366 gold pieces at shops.

Inventory:

Hand Weapons
 a - a +2 hand axe of draining
 b - a +6 trident of protection
 q - a +6 hand axe of electrocution
 x - a +3 vampiric war axe
 E - the +10 war axe "Jellyslayer" (weapon) {flame, Str+3}
   (You bought it in a shop on level 8 of the Dungeon)

   Str+3:     It affects your strength (+3).
Missiles
 l - 83 poisoned darts
 L - 7 curare-tipped darts (quivered)
Armour
 h - a +1 pair of boots (worn)
 m - a +2 troll leather armour (worn) {Snorg}
 p - a +0 kite shield (worn)
 r - a +2 pair of gloves of strength (worn)
 t - the scarf "Yxede" (worn) {repulsion, rN+ Will++}
   (You found it on level 5 of the Dungeon)

   rN+:       It protects you from negative energy.
   Will++:    It greatly increases your willpower.
 M - a +1 helmet of intelligence (worn)
 N - the +7 plate armour of the Trombone {rN+}
   (You found it on level 2 of the Lair of Beasts)

   rN+:       It protects you from negative energy.
Jewellery
 e - an amulet of reflection (around neck)
 f - a +4 ring of protection (left hand)
 y - a +4 ring of slaying (right hand)
 J - a ring of ice
 S - an amulet of faith
 T - a ring of see invisible
 U - a +4 ring of slaying
 W - a ring of resist corrosion
Wands
 d - a wand of flame (15)
 s - a wand of paralysis (34)
 A - a wand of iceblast (40)
 C - a wand of polymorph (20)
 G - a wand of quicksilver (20)
 K - a wand of digging (18)
 O - a wand of mindburst (15)
Scrolls
 k - 9 scrolls of teleportation
 u - 4 scrolls of fog
 v - 5 scrolls of revelation
 H - 4 scrolls of poison
 I - a scroll of fear
 P - 11 scrolls of identify
 R - 2 scrolls of enchant weapon
 Z - a scroll of enchant armour
Potions
 c - 2 potions of enlightenment
 g - a potion of might
 i - 12 potions of curing
 j - 5 potions of lignification
 z - 2 potions of berserk rage
 B - 2 potions of resistance
 D - a potion of ambrosia
 F - 8 potions of haste
 V - a potion of attraction
 X - a potion of cancellation
 Y - a potion of magic


   Skills:
 + Level 15.5 Fighting
 + Level 17.4(17.9) Axes
 + Level 6.5(13.1) Polearms
 + Level 0.6 Throwing
 * Level 17.0 Armour
 * Level 14.1 Dodging
 + Level 6.0 Stealth
 + Level 15.9 Shields


You had 19 spell levels left.
You didn't know any spells.
Your spell library was empty.

Dungeon Overview and Level Annotations

Branches:
Dungeon (15/15)            Temple (0/1) D:7            Lair (5/5) D:11
  Swamp (4/4) Lair:2       Spider (0/4) Lair:2        Slime (0/5) Lair:5
    Orc (0/2) D:12         Vaults (5/5) D:13          Crypt (0/3) Vaults:3
 Depths (0/4) D:15

Altars:
Cheibriados
Dithmenos
Elyvilon
Fedhas
Nemelex Xobeh
Qazlal
Trog
Uskayaw
Zin
Jiyva
Lugonu

Shops:
D:5 *   D:8 (:*:=   Vaults:2 (   Vaults:4 [

Portals:
Abyss: Lair:5

Annotations:
Vaults:4 2 transporters, SlowGraham's ghost, legendary KoMo


Innate Abilities, Weirdness & Mutations

You are immune to sickness and miasma.
Your stone body is resilient. (AC +15)
You are immune to poison.
Your large and strong wings let you fly.
You resist negative energy. (rN+)
You are resistant to electric shocks. (rElec)
You are resistant to unholy torment.
You are immune to petrification.
Your body sometimes deteriorates upon taking damage.
Your flesh is heat resistant. (rF+)
You expend magic power (3 MP) to strengthen your wands.


Message History

The air twists around and strikes you!!
* * * LOW HITPOINT WARNING * * *
Your body deteriorates!
You feel dopey.
The tengu reaver is engulfed in poison gas.
The tengu reaver looks even sicker.
The tengu reaver pleads, "Please don't kill me!"
The tengu reaver casts a spell at you.
The bolt of cold hits something.
The bolt of cold hits you.
* * * LOW HITPOINT WARNING * * *
Your skin crawls.
You feel strong-willed.
The tengu reaver seems to regain its courage.
Something touches you but does no damage.
The vault guard is engulfed in poison gas.
The vault guard is poisoned.
The titan is poisoned.
The vault guard is engulfed in poison gas.
The vault guard looks even sicker.
A titan comes into view.
The vault guard is engulfed in poison gas.
The vault guard looks even sicker.
The tengu reaver is engulfed in poison gas.
The tengu reaver looks even sicker.
Blink to where?
Press: ? - help, Dir - move target A yaktaur captain and a titan come into view.
As you read the scroll of blinking, it crumbles to dust.
Unknown command.
As you read the scroll of teleportation, it crumbles to dust.
You feel strangely unstable.
The yaktaur captain wields a +0 arbalest.
The yaktaur captain shoots a bolt.
You block the bolt with an invisible shield... and reflect it back!
The bolt hits the yaktaur captain!!
The titan gestures at you while chanting.
The bolt of lightning hits you! You resist.
* * * LOW HITPOINT WARNING * * *
The titan is engulfed in poison gas.
The titan is poisoned.
The titan waves its arms in wide circles.
The air twists around and strikes you!!
You die...

.....p.........
###.2C.).Ce#######
###
.........Cp..Q.......
#...#....#C.w.w..C..
(Q..#....#.[###..#.#
..#.#....#..#......
#. #....#C.#..c..
#§.§...!# #☼☼§§..@#
#§§#§.### #§§§☼...
#§§#p.#.. #§.......
#..# .#.


You could see 2 titans, a yaktaur captain and a friendly swamp worm shaped
shifter (summoned).

Vanquished Creatures
  the Lernaean hydra (Swamp:4)
  A golden dragon (Vaults:4)
  Rupert (D:15)
  3 tentacled monstrosities
  2 liches (Vaults:4)
  A titan (Vaults:4)
  A quicksilver dragon (Vaults:5)
  2 sphinxes
  Frances (Swamp:1)
  The ghost of Gaxiaska the Grappler, an adept TrDe of Cheibriados (Swamp:3)
  2 tengu reavers
  A thorn hunter (Swamp:4)
  A revenant (Vaults:3)
  Aizul (Swamp:2)
  7 vault wardens
  A curse skull (Vaults:3)
  2 deep elf sorcerers
  Louise (Swamp:1)
  4 orc warlords
  An iron dragon (Vaults:4)
  21 ironbound preservers
  A quicksilver ooze (Lair:4)
  3 ironbound thunderhulks
  2 stone giants
  2 formless jellyfish
  The ghost of Pixllover the Protected, a journeyman GrBe of Trog (Lair:5)
  6 dire elephants
  4 bunyips
  Snorg (D:11)
  4 crystal guardians
  11 yaktaur captains
  2 ettins
  Fannar (D:11)
  A deep elf death mage (Vaults:5)
  5 great orbs of eyes
  A shambling mangrove (Swamp:2)
  27 vault guards
  21 hydras
  4 peacekeepers
  2 ghost crabs (Swamp:4)
  11 alligators
  3 two-headed ogres
  9 ironbound frosthearts
  15 centaur warriors
  A death yak (Lair:1)
  2 dancing weapons (D:13)
  4 boulder beetles
  3 tengu warriors (D:15)
  2 deep troll earth magi (Vaults:4)
  Sonja (D:11)
  2 thrashing horrors (Lair:5)
  A fire crab (Lair:5)
  A spectral death yak (Lair:5)
  3 shadow wraiths
  A flayed ghost (Vaults:4)
  28 deep trolls
  3 goliath frogs
  3 spriggan druids
  10 lindwurms
  11 bog bodies
  12 swamp dragons
  13 ironbound convokers
  7 orc knights (Vaults:3)
  A phantasmal warrior (Vaults:4)
  A spectral hydra (Lair:5)
  A harpy (shapeshifter) (D:13)
  8 wizards
  A necromancer (Vaults:3)
  2 deep elf pyromancers
  An orc sorcerer (D:15)
  An oklob plant (Lair:5)
  4 will-o-the-wisps
  5 manticores
  25 ugly things
  8 cyclopes
  3 elephants (Lair:4)
  3 torpor snails
  14 vault sentinels
  3 gargoyles
  3 smoke demons (Lair:5)
  6 black mambas
  12 cane toads
  2 kobold demonologists (D:12)
  An unseen horror (D:10)
  Psyche (D:11)
  4 rime drakes
  26 yaktaurs
  9 komodo dragons
  2 freezing wraiths (Vaults:4)
  3 tengu conjurers (D:15)
  5 tyrant leeches
  6 trolls
  A polar bear (Lair:4)
  A tarantella (shapeshifter) (D:14)
  11 hornets
  2 raiju (Lair:5)
  20 blink frogs
  Sigmund (D:2)
  A jumping spider (Lair:2)
  32 slime creatures
  56 yaks
  11 spriggans
  A vampire (D:7)
  4 wyverns
  7 basilisks
  2 wraiths
  A large abomination (Lair:5)
  A redback (shapeshifter) (Vaults:4)
  4 chaos spawn (Lair:5)
  A steam dragon (D:4)
  9 small abominations (Lair:5)
  9 vampire mosquitoes
  14 swamp worms
  3 wargs (D:11)
  2 acid dragons
  15 water moccasins
  10 swamp drakes
  5 orc warriors
  4 sky beasts
  A spectral torpor snail (Lair:5)
  6 black bears
  3 ice beasts
  3 ogres
  8 centaurs
  9 kobold brigands
  13 bullfrogs
  A cane toad simulacrum (Lair:5)
  2 gnoll sergeants
  9 scorpions
  11 wights
  4 killer bees (D:8)
  2 howler monkeys
  3 electric eels
  A komodo dragon simulacrum (Lair:5)
  17 orc priests
  2 gnoll boudas (D:7)
  9 hounds
  5 jellies (Lair:4)
  5 hell rats (Lair:3)
  3 iguanas
  27 orc wizards
  Robin (D:2)
  15 gnolls
  6 adders
  2 ufetubi
  A worm (D:2)
  3 dart slugs
  59 orcs
  4 ball pythons
  9 endoplasms
  11 goblins
  11 hobgoblins
  17 kobolds
  3 quokkas
  3 bats
  6 frilled lizards
  10 rats
995 creatures vanquished.

Vanquished Creatures (collateral kills)
  A tentacled monstrosity (Vaults:5)
  2 vault wardens (Vaults:3)
  2 ironbound preservers
  An ironbound thunderhulk (Vaults:3)
  A yaktaur captain (Vaults:4)
  A vault guard (Vaults:3)
  3 deep trolls (Vaults:4)
  A vault sentinel (Vaults:4)
  A yaktaur (Vaults:3)
13 creatures vanquished.

Vanquished Creatures (others)
  A fire giant (Vaults:4)
  Nessos (D:15)
  An alligator (Swamp:2)
  A deep troll (Vaults:4)
  A wizard (Vaults:3)
  An ugly thing (Lair:5)
  2 bloated husks (Swamp:2)
  A spriggan (Swamp:1)
  An orc warrior (D:12)
  2 kobolds
  14 foxfires
26 creatures vanquished.

Grand Total: 1034 creatures vanquished

Notes
Turn   | Place    | Note
-------+----------+-------------------------------------------
     0 | D:1      | Gargoyl the Gargoyle Berserker began the quest for the Orb.
     0 | D:1      | Reached XP level 1. HP: 14/14 MP: 1/1
   321 | D:1      | Reached XP level 2. HP: 11/19 MP: 2/2
   899 | D:2      | Reached XP level 3. HP: 24/24 MP: 3/3
   902 | D:2      | Noticed Robin
   913 | D:2      | Killed Robin
  1267 | D:2      | Reached ** piety under Trog
  1268 | D:2      | Reached XP level 4. HP: 25/29 MP: 4/4
  1357 | D:2      | Noticed Sigmund
  1372 | D:2      | Killed Sigmund
  1373 | D:2      | Reached skill level 1 in Stealth
  1373 | D:2      | Reached XP level 5. HP: 33/33 MP: 5/5
  1534 | D:2      | Reached XP level 6. HP: 34/38 MP: 6/6
  1748 | D:3      | Noticed a +0 spear
  1750 | D:3      | Noticed a +0 spear
  1750 | D:3      | Noticed a +0 falchion
  1750 | D:3      | Noticed a +0 short sword
  1750 | D:3      | Noticed a +0 short sword
  1752 | D:3      | Noticed a +0 dagger
  1752 | D:3      | Noticed a +0 falchion
  1752 | D:3      | Noticed a +0 dagger
  1912 | D:3      | Found a bloodstained altar of Trog.
  2042 | D:3      | Found a hide-covered altar of Uskayaw.
  2513 | D:4      | Reached skill level 1 in Polearms
  2513 | D:4      | Reached skill level 1 in Shields
  2600 | D:4      | Found a snail-covered altar of Cheibriados.
  2601 | D:4      | Found a white marble altar of Elyvilon.
  2927 | D:4      | Reached XP level 7. HP: 44/44 MP: 7/7
  3134 | D:4      | Noticed a steam dragon
  3140 | D:4      | Killed a steam dragon
  3500 | D:5      | Entered Level 5 of the Dungeon
  3506 | D:5      | Found a stormy altar of Qazlal.
  3523 | D:5      | Reached XP level 8. HP: 48/48 MP: 8/8
  3725 | D:4      | Reached skill level 5 in Fighting
  3725 | D:4      | Reached skill level 5 in Polearms
  4024 | D:5      | Identified the scarf "Yxede" {repulsion, rN+ Will++}
  4356 | D:5      | Found Tauschar's CLEARANCE SALE!.
  4364 | D:5      | Bought a +3 scale mail for 84 gold pieces
  4364 | D:5      | Bought 2 potions of heal wounds for 40 gold pieces
  4364 | D:5      | Bought a scroll of enchant weapon for 30 gold pieces
  4530 | D:5      | Reached XP level 9. HP: 54/54 MP: 9/9
  4958 | D:6      | Reached skill level 5 in Armour
  5641 | D:6      | Reached *** piety under Trog
  5820 | D:7      | Reached skill level 5 in Axes
  5972 | D:7      | Reached skill level 5 in Dodging
  6118 | D:7      | Reached XP level 10. HP: 43/61 MP: 10/10
  6812 | D:7      | Found a staircase to the Ecumenical Temple.
  7143 | D:8      | Noticed a two-headed ogre
  7143 | D:8      | Found Cegeit's Assorted Antiques.
  7151 | D:8      | Killed a two-headed ogre
  7228 | D:8      | Bought a polished war axe for 212 gold pieces
  7228 | D:8      | Identified the +10 war axe "Jellyslayer" {flame, Str+3}
                  | (You bought it in a shop on level 8 of the Dungeon)
  7302 | D:8      | Found Suaje's Book Shoppe.
  7310 | D:8      | Found Teeto's Jewellery Boutique.
  7432 | D:8      | Found Byjarag's Book Boutique.
  7583 | D:8      | Found Xasioh's Antique Weapon Emporium.
  7689 | D:8      | Found a shadowy altar of Dithmenos.
  7980 | D:9      | Noticed a centaur warrior
  7980 | D:9      | Noticed a four-headed hydra
  7980 | D:9      | Noticed a manticore
  7989 | D:9      | Killed a centaur warrior
  7990 | D:9      | Reached XP level 11. HP: 67/67 MP: 11/11
  7990 | D:9      | Noticed a cyclops
  7993 | D:9      | Killed a manticore
  7996 | D:9      | Killed a one-headed hydra
  8000 | D:9      | Killed a cyclops
  8163 | D:9      | Reached skill level 5 in Shields
  8284 | D:9      | Found a blossoming altar of Fedhas.
  8423 | D:9      | Identified the +5 hand axe "Nosak" {heavy, Str+4}
  8765 | D:10     | Entered Level 10 of the Dungeon
  8803 | D:10     | Found a sparkling altar of Nemelex Xobeh.
  9410 | D:11     | Noticed Fannar
  9420 | D:11     | Killed Fannar
  9453 | D:11     | Noticed a cyan ugly thing
  9463 | D:11     | Killed a cyan ugly thing
  9537 | D:11     | Found a staircase to the Lair.
  9548 | D:11     | Reached **** piety under Trog
  9642 | D:11     | Noticed Psyche
  9651 | D:11     | Killed Psyche
  9840 | D:11     | Noticed Sonja
  9850 | D:11     | Killed Sonja
  9851 | D:11     | Reached XP level 12. HP: 73/73 MP: 12/12
  9927 | D:11     | Noticed Snorg
  9940 | D:11     | Killed Snorg
 10689 | D:12     | Found a staircase to the Orcish Mines.
 10813 | D:12     | Reached skill level 10 in Axes
 10880 | D:12     | Noticed a two-headed ogre
 10890 | D:12     | Killed a two-headed ogre
 11016 | D:12     | Noticed a two-headed ogre
 11023 | D:12     | Killed a two-headed ogre
 11103 | D:12     | Reached skill level 10 in Armour
 11404 | D:12     | Reached ***** piety under Trog
 11527 | Lair:1   | Entered Level 1 of the Lair of Beasts
 11557 | Lair:1   | Identified the +1 robe of Jeginn {+Blink Slay+4 Stlth+}
 11675 | Lair:1   | Noticed a death yak
 11690 | Lair:1   | Killed a death yak
 11707 | Lair:1   | Reached XP level 13. HP: 80/80 MP: 13/13
 12367 | Lair:2   | Found a hole to the Spider Nest.
 12405 | Lair:2   | Received a gift from Trog
 12464 | Lair:2   | Identified the +7 plate armour of the Trombone {rN+}
 13142 | Lair:2   | Found a staircase to the Swamp.
 13976 | Lair:3   | Gained mutation: Your large and strong wings let you fly.
                  | [Gargoyle growth]
 13976 | Lair:3   | Reached XP level 14. HP: 87/87 MP: 14/14
 14723 | Lair:4   | Reached skill level 10 in Fighting
 14749 | Lair:4   | Found a glowing silver altar of Zin.
 15075 | Lair:4   | Noticed a quicksilver ooze
 15082 | Lair:4   | Killed a quicksilver ooze
 15394 | Lair:5   | Entered Level 5 of the Lair of Beasts
 15410 | Lair:5   | Identified the +6 arbalest "Ijas" {elec, Contam rC+++ MP+9
                  | Stlth-}
 15655 | Lair:5   | Received a gift from Trog
 15733 | Lair:5   | Identified the +1 robe of Xom's Inspiration {Harm rCorr
                  | Dex-4 Stlth+}
 15812 | Lair:5   | Reached skill level 10 in Shields
 16025 | Lair:5   | Found a corrupted altar of Lugonu.
 16025 | Lair:5   | Found a one-way gate to the infinite horrors of the Abyss.
 16156 | Lair:5   | Found a runed translucent gate.
 16157 | Lair:5   | Found a runed translucent gate.
 16158 | Lair:5   | Found a runed translucent gate.
 16159 | Lair:5   | Noticed Pixllover's ghost (journeyman GrBe)
 16427 | Lair:5   | Found a viscous altar of Jiyva.
 16428 | Lair:5   | Found a staircase to the Slime Pits.
 16480 | Lair:5   | Killed Pixllover's ghost
 16842 | D:13     | Reached XP level 15. HP: 93/93 MP: 15/15
 17111 | D:13     | Found a gate to the Vaults.
 17191 | D:13     | Found a snail-covered altar of Cheibriados.
 18618 | D:15     | Entered Level 15 of the Dungeon
 18618 | D:15     | Noticed Rupert
 18626 | D:15     | Killed Rupert
 18839 | D:15     | Noticed Nessos
 18850 | D:15     | Killed Nessos
 18851 | D:15     | Reached skill level 10 in Dodging
 18971 | D:15     | Found a staircase to the Depths.
 19118 | D:15     | Received a gift from Trog
 19941 | Swamp:1  | Entered Level 1 of the Swamp
 20087 | Swamp:1  | Noticed Frances
 20102 | Swamp:1  | Killed Frances
 20277 | Swamp:1  | Noticed a tentacled monstrosity
 20327 | Swamp:1  | Killed a tentacled monstrosity
 20328 | Swamp:1  | Reached XP level 16. HP: 94/100 MP: 16/16
 20338 | Swamp:1  | Identified the +11 great sword of Gozag's Vengeance {heavy,
                  | *Corrode rC+ Dex+3}
 20433 | Swamp:1  | Noticed Louise
 20453 | Swamp:1  | Killed Louise
 20687 | Swamp:2  | Noticed Aizul
 20703 | Swamp:2  | Killed Aizul
 20995 | Swamp:2  | Reached skill level 5 in Stealth
 20997 | Swamp:2  | Reached skill level 15 in Axes
 21449 | Swamp:3  | Identified the +4 scale mail of a bailey {rC+ Dex+5}
 21680 | Swamp:3  | Found a runed translucent gate.
 21680 | Swamp:3  | Found a runed translucent gate.
 21680 | Swamp:3  | Found a runed translucent gate.
 21946 | Swamp:3  | Noticed Gaxiaska's ghost (adept TrDe)
 21949 | Swamp:3  | Gained mutation: Your body sometimes deteriorates upon
                  | taking damage. [potion of mutation]
 21949 | Swamp:3  | Gained mutation: You expend magic power (3 MP) to
                  | strengthen your wands. [potion of mutation]
 21949 | Swamp:3  | Gained mutation: Your flesh is heat resistant. (rF+)
                  | [potion of mutation]
 22108 | Swamp:3  | Killed Gaxiaska's ghost
 22140 | Swamp:4  | Entered Level 4 of the Swamp
 22369 | Swamp:4  | Noticed a thorn hunter
 22380 | Swamp:4  | Killed a thorn hunter
 22381 | Swamp:4  | Reached XP level 17. HP: 108/108 MP: 17/17
 22621 | Swamp:4  | Noticed the 27-headed Lernaean hydra
 22704 | Swamp:4  | Killed the 22-headed Lernaean hydra
 22744 | Swamp:4  | Got a decaying rune of Zot
 22995 | Vaults:1 | Entered Level 1 of the Vaults
 23543 | Vaults:1 | Received a gift from Trog
 24063 | Vaults:1 | Reached skill level 15 in Armour
 24613 | Vaults:2 | Found Iceit's Weapon Boutique.
 25061 | Vaults:2 | Reached XP level 18. HP: 107/115 MP: 18/18
 25789 | Vaults:3 | HP: 3/116 [orc knight/+2 bardiche (13)]
 25929 | Vaults:3 | Identified the +7 chain mail of the Eleven Towns {*Slow Fly
                  | rC+ Will+}
 26498 | Vaults:3 | Found a staircase to the Crypt.
 26938 | Vaults:3 | You are sucked into a shaft and drop 1 floor!
 26954 | Vaults:4 | Reached XP level 19. HP: 94/122 MP: 19/19
 27393 | Vaults:4 | Received a gift from Trog
 27575 | Vaults:4 | Found Fiag's Armour Emporium.
 27619 | Vaults:4 | Reached skill level 15 in Shields
 27760 | Vaults:4 | Found a transporter.
 27760 | Vaults:4 | Noticed SlowGraham's ghost (legendary KoMo)
 27785 | Vaults:4 | Found a transporter.
 28167 | Vaults:4 | Reached skill level 15 in Fighting
 28174 | Vaults:4 | Received a gift from Trog
 28288 | Vaults:5 | Entered Level 5 of the Vaults
 28426 | Vaults:5 | Noticed a golden dragon
 28426 | Vaults:5 | Noticed a tentacled monstrosity
 28500 | Vaults:5 | Noticed a tentacled monstrosity
 28656 | Vaults:4 | Killed a tentacled monstrosity
 28677 | Vaults:4 | Killed a tentacled monstrosity
 28695 | Vaults:4 | Killed a golden dragon
 29018 | Vaults:5 | Reached XP level 20. HP: 129/129 MP: 20/20
 29438 | Vaults:5 | Noticed a dread lich
 29469 | Vaults:5 | Killed from afar by a titan

Illustrated notes

Levels and vault maps discovered:
D:1:      minmay_arrival_jagged, layout_loops_ring,
          hangedman_abyss_or_decor_stabs
D:2:      cheibrodos_old_hovel, layout_loops_ring, corexii_corridor_pit,
          nicolae_concentric_dashed_squares_mild, uniq_robin, uniq_sigmund
D:3:      layout_rooms, nicolae_uskayaw_en_pointe, bloody_trog
D:4:      layout_loops_corners, gammafunk_temple_overflow_statue,
          kennysheep_generic_room_9
D:5:      minmay_razor_zed, layout_basic, nicolae_qazlal_beasts_of_the_sky,
          nicolae_shop_clearance
D:6:      layout_basic
D:7:      kennysheep_housing_project, layout_rooms,
          minmay_temple_entry_antechambers, enter_bailey_7
D:8:      layout_basic, nicolae_dithmenos_through_a_glass_darkly, serial_shops,
          nicolae_shop_tiny_statue_garden, shop, shop,
          nicolae_shop_overgrown_old_shop, nicolae_shop_hallway_plus
D:9:      minmay_bloctagon_deflated, layout_basic, fedhas_altar_4,
          evilmike_butchery
D:10:     layout_long_grid, nemelex_xobeh_ov_fountains_minmay
D:11:     layout_basic, erik_lair_orcish_takeover, uniq_fannar, uniq_sonja,
          uniq_psyche, uniq_snorg
D:12:     layout_long_grid, minmay_orc_entry_temple_small,
          kennysheep_decorative_pillar
D:13:     layout_grid_maze, erik_vaults_1, kennysheep_slug_shrine
D:14:     layout_roguey, nicolae_kite_square_tiling_tiny, serial_bayou_lake_a
D:15:     hangedman_depths_entry_civil_slaughter, layout_basic,
          dreamdust_mushroom_princess, uniq_rupert, uniq_nessos
Lair:1:   layout_loops_ring, grunt_megastairs_4
Lair:2:   layout_cave_pods, swamp_mist, spider_nest_entry_rubble
Lair:3:   layout_cellular_growth, cheibrodos_lair_caveside_slide,
          beast_lair_carwin_8, grunt_megastairs_1
Lair:4:   layout_regular_city, basic_altar, nicolae_lair_time_for_slime,
          serial_bayou_shore_b, lemuel_fruit_tree, infiniplex_staircase_pool
Lair:5:   hellmonk_lair_end_abyssal_woods, layout_misc_corridors,
          dpeg_slime_entry_enclosed, gammafunk_ghost_necromancy,
          infiniplex_staircase_pool_2
Swamp:1:  cheibrodos_swamp_monstrosity, layout_basic_swamp,
          nicolae_swamp_oxbows, uniq_frances, uniq_louise
Swamp:2:  layout_basic_swamp, serial_swamp_ruin, evilmike_swamp_ruin_house_2,
          hangedman_swamp_ruin_hall, uniq_aizul
Swamp:3:  layout_basic_swamp, ebering_ghost_rock_garden,
          evilmike_swamp_ruin_rubble_1
Swamp:4:  grunt_swamp_rune_castle, layout_basic_swamp
Vaults:1: nicolae_vaults_trapezoid_lopsided_1, nicolae_vaults_little_squares_6,
          vaults_mumra_hexcomb, ontoclasm_vaults_hangar,
          nicolae_vaults_octothorpe, ontoclasm_vaults_claustrophobia,
          nicolae_vaults_tetromino_Z_1, nicolae_vaults_murderbox,
          layout_vaults_quadrants
Vaults:2: nicolae_vaults_variable_pillar_hall, nicolae_vaults_closet_pinwheel_2,
          nicolae_vaults_mini_display_case, vaults_mumra_minichess_inversion,
          nicolae_vaults_offset_grid_hallway_2, vaults_room_boxed,
          nicolae_vaults_network_s, vaults_room_door_hall, v_misc_17,
          nicolae_vaults_tetromino_Z_1, nicolae_vaults_trapezoid_lopsided_3,
          nicolae_vaults_gold_heap, layout_vaults_chaotic_city, serial_shops,
          nicolae_shop_getting_attention
Vaults:3: minmay_crypt_entry_simple_corners, vaults_dpeg_ring, v_alt_pattern_5,
          nicolae_vaults_shipping_containers_3, ontoclasm_vaults_spin,
          dpeg_vaults_monster_row, nicolae_vaults_wine_cellar, v_misc_17,
          nicolae_vaults_apartment_2, nicolae_vaults_tangram_1,
          vaults_room_pool, nicolae_vaults_trapezoid_lopsided_3,
          layout_vaults_omnicross
Vaults:4: gammafunk_ghost_mausoleum, hangedman_vaults_stream, v_misc_19,
          nicolae_vaults_turnstiles, ontoclasm_vaults_ring_small,
          vaults_room_corners, hangedman_vaults_pinch, nicolae_vaults_house_2,
          nicolae_vaults_network_star, v_misc_16,
          nicolae_vaults_heart-shaped_vault, layout_vaults_ring, serial_shops,
          nicolae_shop_back_alley_shop
Vaults:5: serial_shops

Skill      XL: |  1  2  3  4  5  6  7  8  9 10 11 12 13 14 15 16 17 18 19 20 |
---------------+-------------------------------------------------------------+-----
Axes           | 3 4 5 7 9 10 12 13 14 15 16 17 | 17.4
Fighting       | 4 5 6 7 8 9 10 11 12 13 14 15 | 15.5
Dodging        | 2 3 4 5 6 7 8 9 10 11 12 13 14 | 14.1
Stealth        | 1 2 3 4 5 6 |  6.0
Polearms       | 2 4 5 6 |  6.5
Shields        | 1 2 3 4 5 7 8 10 11 12 13 14 15 | 15.9
Armour         | 3 4 6 8 9 10 11 12 13 14 15 16 17 | 17.0
Throwing       | |  0.6

Action                     |  1- 3 |  4- 6 |  7- 9 | 10-12 | 13-15 | 16-18 | 19-21 || total
---------------------------+-------+-------+-------+-------+-------+-------+-------++-------
  Melee: Hand axe          |   113 |    11 |    78 |   123 |       |       |       ||   325
         Punch             |     4 |       |     2 |     2 |       |       |       ||     8
         Halberd           |       |   145 |   251 |       |       |       |       ||   396
         War axe           |       |       |    46 |   288 |   683 |   876 |   376 ||  2269
  Throw: Dart              |       |     1 |       |     5 |     2 |     1 |     2 ||    11
 Invoke: Berserk           |     2 |     4 |     9 |    11 |    16 |    18 |     9 ||    69
         Trog's Hand       |       |     3 |    10 |    11 |    11 |    18 |     4 ||    57
         Brothers in Arms  |       |       |       |       |     2 |     3 |     1 ||     6
    Use: Scroll            |     1 |     6 |     6 |     8 |     6 |     8 |     8 ||    43
         Potion            |       |       |     1 |       |     2 |     5 |     7 ||    15
   Stab: Sleeping          |       |     2 |       |       |     9 |     4 |     2 ||    17
         Held in net/web   |       |       |     2 |       |       |       |       ||     2
         Paralysed         |       |       |       |       |     2 |       |       ||     2
         Distracted        |       |       |       |       |     1 |       |       ||     1
 Armour: Animal skin       |    72 |    90 |       |       |       |       |       ||   162
         Ring mail         |       |    15 |       |       |       |       |       ||    15
         Chain mail        |       |       |   176 |       |       |       |       ||   176
         Scale mail        |       |       |   188 |   181 |       |       |       ||   369
         Acid dragon scale |       |       |       |    77 |       |       |       ||    77
         Troll leather arm |       |       |       |    80 |   430 |   670 |   273 ||  1453
  Dodge: Dodged            |    54 |   118 |   234 |   224 |   290 |   500 |   204 ||  1624
         Repelled          |       |       |       |     5 |     6 |     9 |     3 ||    23
  Block: Other             |    17 |    50 |   103 |    62 |       |       |       ||   232
         Reflection        |       |     2 |     3 |    17 |    30 |    28 |    47 ||   127
         Kite shield       |       |       |       |   191 |   545 |   738 |   357 ||  1831

Table legend: (Time is in decaauts)
 A = Elapsed time spent in this place.
 B = Non-inter-level travel time spent in this place.
 C = Inter-level travel time spent in this place.
 D = Time resting spent in this place.
 E = Time spent auto-exploring this place.
 F = Levels seen in this place.
 G = Mean time per level.
                   A        B        C        D        E       F      G
               +--------+--------+--------+--------+--------+-----+--------+
         Total |  29862 |  28472 |   1390 |   2767 |  18458 |  29 | 1029.7 |
       Dungeon |  15277 |  14450 |    827 |    645 |  10435 |  15 | 1018.5 |
          Lair |   5266 |   4936 |    330 |    295 |   3312 |   5 | 1053.2 |
         Swamp |   2905 |   2764 |    141 |    572 |   1318 |   4 |  726.2 |
        Vaults |   6413 |   6322 |     91 |   1254 |   3393 |   5 | 1282.6 |
               +--------+--------+--------+--------+--------+-----+--------+

Top non-repeatable levels by time:
Vaults:4: 2457 daAuts
    D:13: 1516 daAuts
    D:11: 1458 daAuts
     D:5: 1438 daAuts
Vaults:1: 1371 daAuts
     D:7: 1365 daAuts
     D:4: 1337 daAuts
Vaults:2: 1332 daAuts
  Lair:2: 1309 daAuts
  Lair:5: 1180 daAuts
Vaults:3: 1180 daAuts
    D:15: 1179 daAuts
  Lair:3: 1063 daAuts
    D:12: 932 daAuts
     D:1: 912 daAuts
